 Dungeon Crawl Stone Soup version 0.27-a0-797-g27d10ad80f (webtiles) character file.

Game seed: 5486034484783191490

3 leviel the Magician (level 1, 0/15 HPs)
             Began as a Djinni Ice Elementalist on Mar 28, 2021.
             Slain by a jackal (3 damage)
             ... on level 1 of the Dungeon.
             The game lasted 00:00:27 (73 turns).

leviel the Magician (Djinni Ice Elementalist)         Turns: 73, Time: 00:00:28

Health: 0/15       AC:  2    Str:  7    XL:     1   Next: 50%
Gold:   4          EV: 12    Int: 16    God:
                   SH:  0    Dex: 13

rFire    + + .     SeeInvis .   (no weapon)
rCold    x . .     Faith    .   (no shield)
rNeg     . . .     Spirit   .   a - +0 robe
rPois    ∞         Reflect  .   (no helmet)
rElec    .         Harm     .   (no cloak)
rCorr    .         Rampage  .   (no gloves)
Will     .....                  (boots unavailable)
Stlth    ++........             (no amulet)
HPRegen  0.05/turn              (no ring)
MPRegen  0.00/turn              (no ring)

@: flying
A: fire resistance 2, cold vulnerability 1, float, innate caster, hp casting,
extra vitality 1
a: no special abilities


You were on level 1 of the Dungeon.
You visited 1 branch of the dungeon, and saw 1 of its levels.

You collected 4 gold pieces.

Inventory:

Armour
 a - a +0 robe (worn)


   Skills:
 + Level 2.1 Dodging
 + Level 1.5 Stealth
 + Level 3.7 Spellcasting


You couldn't memorise any spells.
You knew the following spells:

 Your Spells              Type           Power      Damage    Failure   Level
a - Freeze                Ice            60%        1d8       3%          1
b - Frozen Ramparts       Ice            30%        1d5       11%         3
c - Ozocubu's Armour      Ice            15%        N/A       11%         3
d - Hailstorm             Conj/Ice       15%        3d5       36%         4
e - Summon Ice Beast      Ice/Summ       15%        N/A       36%         4
Your spell library was empty.

Dungeon Overview and Level Annotations

Branches:
Dungeon (1/15)

Altars:


Innate Abilities, Weirdness & Mutations

You are immune to poison.
Your flesh is very heat resistant. (rF++)
You are vulnerable to cold. (rC-)
You float through the air rather than walking.
You learn spells naturally, not from books.
Your magical power is your life essence.
You have superior vitality. (+4 HP)


Message History

A jackal comes into view.
Things that are here:
a +0 whip; a kobold corpse Unknown command.
A kobold comes into view. It is wielding a +0 dagger.
A jackal comes into view.
Found a stone staircase leading down.
There are monsters nearby!
You can't see any susceptible monsters within range! (Use Z to cast anyway.)
The jackal barks!
A jackal comes into view.
An endoplasm comes into view.
The frilled lizard bites you.
The jackal moves out of view.
You freeze the frilled lizard.
You kill the frilled lizard!
The jackal barks!
You freeze the jackal.
The jackal is moderately wounded.
The jackal misses you. The jackal bites you.
You freeze the jackal.
You kill the jackal!
The jackal bites you.
Unknown command.
You are too injured to fight recklessly!
You are too injured to fight recklessly!
Casting: Freeze (safe; 3% risk of failure)
Confirm with . or Enter, or press ? or * to list all spells.
Aiming: Freeze (safe; 3% risk of failure)
Press: ? - help, Shift-Dir - straight line, f - jackal
Aim: a jackal You freeze the jackal.
The jackal is heavily wounded.
The jackal bites you.
* * * LOW HITPOINT WARNING * * *
A kobold comes into view. It is wielding a +0 dagger.
The jackal closely misses you.
Found a robe.
The jackal bites you.
* * * LOW HITPOINT WARNING * * *
The jackal bites you.
You die...

#. # #. .# #. .#
##.##.# #.....
#####.#.. . .?......#
[. #..@# ...
#..h###....
#>.........
#..K..##..K # #.#.###
... #.#J####.K...
.#######.#h..KJ.#
........#)####.....
####...##.#.#####....


You could see an endoplasm, 2 jackals and a kobold.

Vanquished Creatures
  A jackal (D:1)
  A kobold (D:1)
  A frilled lizard (D:1)
3 creatures vanquished.

Notes
Turn   | Place    | Note
-------+----------+-------------------------------------------
     0 | D:1      | leviel the Djinni Ice Elementalist began the quest for the
                  | Orb.
     0 | D:1      | Reached XP level 1. HP: 15/15 MP: 0/0
    73 | D:1      | Slain by a jackal

Illustrated notes

Levels and vault maps discovered:
D:1:      giann_wishing_wells, layout_loops_ring

Action                   || total
-------------------------++-------
 Cast: Freeze            ||     5
Dodge: Dodged            ||     2

Table legend: (Time is in decaauts)
 A = Elapsed time spent in this place.
 B = Non-inter-level travel time spent in this place.
 C = Inter-level travel time spent in this place.
 D = Time resting spent in this place.
 E = Time spent auto-exploring this place.
 F = Levels seen in this place.
 G = Mean time per level.
                   A        B        C        D        E       F      G
               +--------+--------+--------+--------+--------+-----+--------+
         Total |     73 |     73 |      0 |      0 |     55 |   1 |   73.0 |
       Dungeon |     73 |     73 |      0 |      0 |     55 |   1 |   73.0 |
               +--------+--------+--------+--------+--------+-----+--------+

Top non-repeatable levels by time:
     D:1: 73 daAuts
